 Dungeon Crawl Stone Soup version 0.32-a0-876-gcfddb08e57 (webtiles) character file.

Game seed: 8932250882931508135

48 spaghetti the Shooter (level 3, -1/27 HPs)
             Began as a Demonspawn Hunter on Apr 2, 2024.
             Slain by an orc
             ... wielding a +0 flail
              (6 damage)
             ... on level 2 of the Dungeon.
             The game lasted 00:01:31 (1236 turns).

spaghetti the Shooter (Demonspawn Hunter)           Turns: 1236, Time: 00:01:32

Health: -1/27      AC:  3    Str: 11    XL:     3   Next: 50%
Magic:  3/3        EV: 11    Int:  9    God:
Gold:   129        SH:  0    Dex: 18    Spells: 2/2 levels left

rFire   . . .        a - +0 shortbow
rCold   . . .        (shield currently unavailable)
rNeg    . . .        c - +0 leather armour
rPois   .            (no helmet)
rElec   .            (no cloak)
rCorr   .            (no gloves)
SInv    .            (no boots)
Will    .....        (no amulet)
Stlth   ++           (no ring)
HPRegen 0.24/turn    (no ring)
MPRegen 0.08/turn

%: no passive effects
@: no status effects
A: demonic magic 1
a: no special abilities


You were on level 2 of the Dungeon.
You visited 1 branch of the dungeon, and saw 3 of its levels.

You collected 129 gold pieces.

Inventory:

Hand Weapons
 a - a +0 shortbow (weapon)
Armour
 c - a +0 leather armour (worn)
Scrolls
 b - a scroll of butterflies
 d - a scroll of fear {unknown}
 f - a scroll of immolation {unknown}
 g - 2 scrolls of poison {unknown}
 k - a scroll of revelation {unknown}
 l - a scroll of torment {unknown}
 m - a scroll of silence {unknown}
Potions
 e - a potion of curing {unknown}
 h - a potion of heal wounds {unknown}
 i - a potion of haste
 j - a potion of might {unknown}


   Skills:
 - Level 2.0 Fighting
 + Level 4.8 Ranged Weapons
 - Level 1.7 Dodging
 - Level 0.8 Stealth


You had 2 spell levels left.
You didn't know any spells.
Your spell library contained the following spells:

 Spells                   Type           Power      Damage    Failure   Level
 Cigotuvi's Dreadful Rot  Necr/Alch/Air  0%         N/A       63%         2
 Ignite Poison            Fire/Alch      0%         N/A       99%         4
 Freezing Cloud           Conj/Ice/Air   0%         6-21      100%        5


Dungeon Overview and Level Annotations

Branches:
Dungeon (3/15)

Altars:


Innate Abilities, Weirdness & Mutations

Spells you cast may paralyse adjacent enemies.


Message History

You hear the slow rusting of a distant drain.
A rat comes into view.
The hobgoblin closely misses you. The endoplasm barely misses you.
The orc hits you but does no damage.
The frilled lizard unfolds its giant frill.
The orc barely misses you.
There is a stone staircase leading up here.
You shoot an arrow. The arrow closely misses the orc.
The rat squeaks loudly.
The goblin shouts!
You hear a shout!
The orc hits you with a +0 dagger. The hobgoblin closely misses you.
The endoplasm freezes you.
You are frozen.
The orc closely misses you.
A ribbon worm comes into view.
You are too injured to fight recklessly!
You are too injured to fight recklessly!
You are too injured to fight recklessly!
You are too injured to fight recklessly!
You are too injured to fight recklessly!
You are too injured to fight recklessly!
The orc hits you with a +0 flail. The hobgoblin hits you.
The endoplasm closely misses you. The orc hits you but does no damage.
You climb upwards.
There is a stone staircase leading down, spattered with blood here.
You see here a quokka corpse.
Unknown command.
Unknown command.
You shoot an arrow. The arrow barely misses the endoplasm.
The hobgoblin barely misses you. The endoplasm barely misses you.
You shoot an arrow. The arrow hits the endoplasm.
You kill the endoplasm!
The hobgoblin closely misses you. x2; The orc hits you with a +0 flail!
You shoot an arrow. The arrow barely misses the orc.
The hobgoblin completely misses you. The orc barely misses you.
You shoot an arrow. The arrow hits the orc.
The orc is severely wounded.
The hobgoblin hits you. The orc hits you with a +0 flail.
You shoot an arrow. The arrow closely misses the orc.
The hobgoblin hits you.
* * * LOW HITPOINT WARNING * * *
The orc hits you with a +0 flail.
You die...

#.#...##########.........#
###
.........................# ##
#÷###..........#.........# #.
#.# #..........###.###...#
##. #.# #..........# #.#
#.#.## ###.. #.# #..........#
#.# #.#..# #)... ..#
#..........# #.# #..#.###.##.
.##
#..........###.####.#........
..#
#.........og@o........†....##
..#
#..........###...:.........#
..#
#..........##.)#.####......#
..#
#####..#####.....####......#
..# ##..###....>###.........#
.## #...#...#.#.# #...##..###
..# #.#.#.#...#.# #...##..#
..# ##)#.....###.# #...##..##
..#
#.......####.###...##...##


You could see 2 orcs and a hobgoblin.

Vanquished Creatures
  A dart slug (D:1)
  A ribbon worm (D:2)
  3 orcs (D:2)
  4 bats
  5 endoplasms
  A giant cockroach (D:1)
  2 hobgoblins
  2 jackals (D:2)
  4 kobolds
  3 quokkas (D:2)
  4 ball pythons
  A frilled lizard (D:2)
  2 goblins (D:1)
  3 rats (D:1)
36 creatures vanquished.

Notes
Turn   | Place    | Note
-------+----------+-------------------------------------------
     0 | D:1      | spaghetti the Demonspawn Hunter began the quest for the
                  | Orb.
     0 | D:1      | Reached XP level 1. HP: 16/16 MP: 1/1
   128 | D:1      | Reached skill level 4 in Ranged Weapons
   170 | D:1      | Gained mutation: Spells you cast may paralyse adjacent
                  | enemies. [demonic ancestry]
   170 | D:1      | Reached XP level 2. HP: 22/22 MP: 2/2
   845 | D:2      | Reached XP level 3. HP: 23/27 MP: 3/3
  1236 | D:2      | Slain by an orc

Illustrated notes

Levels and vault maps discovered:
D:1:      giann_bridges, layout_loops_ring
D:2:      layout_rooms
D:3:      layout_basic, cheibriados_altar_1, lightli_sewer_entry_pipes,
          serial_shops, nicolae_shop_tiny_glass,
          nicolae_shop_pleasant_corner_grove, shop, serial_bayou_lagoon_a,
          uniq_ijyb, uniq_grinder

Skill      XL: |  1 |
---------------+----+-----
Ranged Weapons | 4 |  4.8
Fighting       | |  2.0
Dodging        | |  1.7
Stealth        | |  0.8

Action                     || total
---------------------------++-------
   Fire: Shortbow          ||   121
    Use: Potion            ||     1
 Armour: Leather armour    ||    63
  Dodge: Dodged            ||    59

Table legend: (Time is in decaauts)
 A = Elapsed time spent in this place.
 B = Non-inter-level travel time spent in this place.
 C = Inter-level travel time spent in this place.
 D = Time resting spent in this place.
 E = Time spent auto-exploring this place.
 F = Levels seen in this place.
 G = Mean time per level.
                   A        B        C        D        E       F      G
               +--------+--------+--------+--------+--------+-----+--------+
         Total |   1244 |   1171 |     73 |     55 |    902 |   3 |  414.7 |
       Dungeon |   1244 |   1171 |     73 |     55 |    902 |   3 |  414.7 |
               +--------+--------+--------+--------+--------+-----+--------+

Top non-repeatable levels by time:
     D:1: 703 daAuts
     D:2: 529 daAuts
     D:3: 11 daAuts
